 Dungeon Crawl Stone Soup version 0.24.0-29-g8ce449bc06 (webtiles) character file.

Game seed: 10276031378969261153, levelgen mode: deterministic

14168 Gumption the Slinger (level 12, -2/82 HPs)
             Began as a Halfling Hunter on Nov 14, 2019.
             Was a High Priest of Okawaru.
             Slain by an eight-headed hydra (4 damage)
             ... on level 2 of the Lair of Beasts.
             The game lasted 01:40:53 (14241 turns).

Gumption the Slinger (Halfling Hunter)             Turns: 14241, Time: 01:40:54

Health: -2/82      AC: 21    Str: 14    XL:     12   Next: 41%
Magic:  26/26      EV: 18    Int:  9    God:    Okawaru [*****.]
Gold:   662        SH:  7    Dex: 19    Spells: 11/11 levels left

rFire    + . .     SeeInvis .   b - +2 rapier (protect)
rCold    + . .     Gourm    .   p - +0 buckler
rNeg     . . .     Faith    .   H - +1 scale mail of a Labyrinth {rC+}
rPois    .         Spirit   .   t - +0 helmet
rElec    .         Reflect  .   L - +2 cloak
rCorr    .         Harm     .   y - +0 pair of gloves
MR       .....                  D - +1 pair of boots
Stlth    +++.......             (no amulet)
HPRegen  0.23/turn              C - ring of magical power
MPRegen  0.20/turn              w - ring of protection from fire

@: protection aura
A: small, mutation resistance 1
a: Heroism, Finesse, Renounce Religion


You were on level 2 of the Lair of Beasts.
You worshipped Okawaru.
Okawaru was extremely pleased with you.
You were hungry.

You visited 3 branches of the dungeon, and saw 13 of its levels.

You collected 662 gold pieces.

Inventory:

Hand Weapons
 a - a +1 hunting sling
 b - a +2 rapier of protection (weapon)
 i - a +1 whip of electrocution
Missiles
 d - 89 sling bullets
 g - 8 boomerangs (quivered)
 o - 289 stones
 x - 49 poisoned darts
Armour
 p - a +0 buckler (worn)
 t - a +0 helmet (worn)
 y - a +0 pair of gloves (worn)
 D - a +1 pair of boots (worn)
 H - the +1 scale mail of a Labyrinth (worn) {rC+}
   (You found it on level 9 of the Dungeon)

   It protects you from cold.
 L - a +2 cloak (worn)
Jewellery
 c - an uncursed ring of flight
 w - a ring of protection from fire (right hand)
 C - a ring of magical power (left hand)
Wands
 j - a wand of acid (12)
 n - a wand of paralysis (7)
 E - a wand of random effects (6)
 G - a wand of disintegration (12)
 M - a wand of polymorph (6)
 P - a wand of digging (11)
Scrolls
 q - 2 scrolls of magic mapping
 r - 5 scrolls of teleportation
 F - 3 scrolls of remove curse
 K - 2 scrolls of enchant armour
 N - 2 scrolls of enchant weapon
 O - a scroll of blinking
Potions
 f - 6 potions of mutation
 h - 2 potions of curing
 k - 2 potions of flight
 l - 4 potions of haste
 m - 4 potions of lignification
 s - a potion of invisibility
 u - a potion of might
 v - 2 potions of magic
 z - 3 potions of heal wounds
 B - a potion of resistance
 I - a potion of cancellation
Miscellaneous
 J - a lightning rod (4/4)
Comestibles
 e - 17 rations


   Skills:
 + Level 8.0 Fighting
 + Level 7.7 Short Blades
 - Level 12.0 Slings
 - Level 9.0 Dodging
 + Level 10.1 Stealth
 - Level 5.6 Shields
 + Level 7.1 Invocations


You had 11 spell levels left.
You didn't know any spells.
Your spell library contained the following spells:

 Spells                   Type           Power        Failure   Level  Hunger
 Freeze                   Ice            #...         88%         1    ##.....
 Infusion                 Chrm           #...         88%         1    ##.....
 Shroud of Golubria       Chrm/Tloc      #.....       95%         2    ###....
 Song of Slaying          Chrm           #.......     95%         2    ###....
 Throw Frost              Conj/Ice       #.....       95%         2    ###....
 Ozocubu's Armour         Chrm/Ice       #.......     99%         3    ####...
 Regeneration             Chrm/Necr      #.........   99%         3    ####...
 Spectral Weapon          Hex/Chrm       #.......     99%         3    ####...
 Summon Ice Beast         Ice/Summ       #.......     100%        4    #####..
 Throw Icicle             Conj/Ice       #.......     100%        4    #####..


Dungeon Overview and Level Annotations

Branches:
Dungeon (10/15)            Temple (1/1) D:6            Lair (2/6) D:9
  Snake (0/4) Lair:2          Orc (0/2) D:10
  Swamp: Lair:2-4    Shoals: Lair:2-4

Altars:
Ashenzari
Cheibriados
Dithmenos
Elyvilon
Fedhas
Gozag
Hepliaklqana
Kikubaaqudgha
Makhleb
Nemelex Xobeh
Okawaru
Qazlal
Ru
Sif Muna
Trog
Uskayaw
Vehumet
Wu Jian
Xom
Yredelemnul
Zin
The Shining One

Shops:
D:10 [


Innate Abilities, Weirdness & Mutations

You are small and have problems with some larger weapons.
You are somewhat resistant to further mutation.


Message History

* * * LOW HITPOINT WARNING * * *
You block the eight-headed hydra's attack.
The eight-headed hydra closely misses you.
The eight-headed hydra barely misses you.
The eight-headed hydra bites you but does no damage. x3
The swamp worm throws harpoon shot at you.
You block the harpoon shot.
The swamp worm throws harpoon shot at you.
The harpoon shot misses you.
You puncture the eight-headed hydra!
The eight-headed hydra is almost dead.
The eight-headed hydra misses you. The eight-headed hydra bites you!
* * * LOW HITPOINT WARNING * * *
You block the eight-headed hydra's attack. x2
The eight-headed hydra bites you but does no damage.
The eight-headed hydra closely misses you.
The eight-headed hydra bites you!
* * * LOW HITPOINT WARNING * * *
The eight-headed hydra bites you.
You die...

#........... ## ..P........
..... #.##P..#....P ...(.
#.......... .....
##........### .....
#...........##### .....
##.........##.#.### ....
##.......w..##.....# #.#
#........D@.P#.P..#### ###.
#.##.##..w...........###.##
#.######...#..............#
##D.# ####...........#.#..
#P.#♣ ♣♣.♣..♣......####
##.♣ ♣♣♣♣♣♣♣....#.##. #..♣
♣......#.P #....≈♣
♣♣........ ##...≈≈D?♣
♣♣.#.....


You could see an eight-headed hydra and 2 swamp worms.

Vanquished Creatures
  Pikel (D:5)
  5 black mambas (Lair:2)
  Joseph (D:10)
  A rime drake (Lair:2)
  A spiny frog (Lair:1)
  A troll (D:10)
  4 hippogriffs
  17 yaks
  A wyvern (D:8)
  Grum (D:8)
  4 hungry ghosts
  Eustachio (D:6)
  3 wargs (D:9)
  9 water moccasins
  An orc warrior (D:7)
  2 porcupines (Lair:1)
  2 black bears (Lair:1)
  3 sky beasts
  3 phantoms
  2 ice beasts
  5 centaurs
  A necrophage (D:5)
  2 wolves (D:8)
  An ogre (D:6)
  4 crocodiles
  2 big kobolds (D:9)
  13 bullfrogs
  2 scorpions
  A water moccasin skeleton (D:5)
  2 troll zombies (D:10)
  4 wights (D:9)
  2 howler monkeys (D:10)
  3 crimson imps
  2 bullfrog zombies
  A quasit (D:8)
  6 centaur skeletons
  2 hounds
  2 jellies
  A gnoll shaman (D:9)
  8 orc priests
  A bullfrog skeleton (D:10)
  8 worker ants
  4 iguanas
  6 orc wizards
  2 killer bee zombies
  6 ogre zombies (D:10)
  2 hound skeletons
  A worker ant zombie (D:9)
  5 gnolls (D:9)
  16 adders
  A howler monkey skeleton (D:5)
  An adder skeleton (D:6)
  2 adder zombies
  2 worms
  2 dart slugs (D:3)
  4 leopard geckos
  16 orcs
  5 bats
  5 giant cockroaches
  5 goblins
  5 hobgoblins
  8 jackals
  A ball python (Lair:2)
  2 frilled lizards
  2 goblin zombies (D:10)
  A hobgoblin skeleton (D:10)
  2 hobgoblin zombies (D:10)
  15 kobolds
  2 leopard gecko skeletons
  2 orc skeletons (D:10)
  18 orc zombies (D:10)
  6 rats
285 creatures vanquished.

Vanquished Creatures (others)
  6 fungi (Lair:2)
  13 plants
19 creatures vanquished.

Grand Total: 304 creatures vanquished

Notes
Turn   | Place    | Note
-------+----------+-------------------------------------------
     0 | D:1      | Gumption the Halfling Hunter began the quest for the Orb.
     0 | D:1      | Reached XP level 1. HP: 14/14 MP: 1/1
   189 | D:1      | Reached skill level 6 in Slings
   281 | D:1      | Reached XP level 2. HP: 19/19 MP: 2/2
   825 | D:2      | Reached XP level 3. HP: 21/24 MP: 3/3
  1291 | D:2      | Reached XP level 4. HP: 29/29 MP: 4/4
  1814 | D:3      | Reached skill level 7 in Slings
  1837 | D:3      | Reached XP level 5. HP: 31/35 MP: 5/5
  2860 | D:4      | Reached XP level 6. HP: 33/41 MP: 6/6
  2994 | D:4      | Reached skill level 8 in Slings
  3072 | D:5      | Entered Level 5 of the Dungeon
  3238 | D:5      | Noticed a slave
  3238 | D:5      | Noticed a slave
  3238 | D:5      | Noticed a slave
  3238 | D:5      | Noticed a slave
  3345 | D:5      | Noticed Pikel
  3367 | D:5      | Killed Pikel
  3367 | D:5      | Reached skill level 9 in Slings
  3367 | D:5      | Reached XP level 7. HP: 37/47 MP: 7/7
  3367 | D:5      | Reached XP level 8. HP: 43/54 MP: 8/8
  3762 | D:5      | Reached skill level 10 in Slings
  3865 | D:5      | Reached skill level 5 in Dodging
  3865 | D:5      | Reached skill level 5 in Stealth
  4444 | D:6      | Found a staircase to the Ecumenical Temple.
  4454 | Temple   | Entered the Ecumenical Temple
  4715 | Temple   | Became a worshipper of Warmaster Okawaru
  4923 | D:6      | Reached XP level 9. HP: 50/59 MP: 9/9
  4968 | D:6      | Found the +0 sword of Power
  4969 | D:6      | Noticed Eustachio
  4991 | D:6      | Killed Eustachio
  4991 | D:6      | Reached skill level 11 in Slings
  5090 | D:6      | Reached * piety under Okawaru
  5751 | D:7      | Reached skill level 5 in Fighting
  5905 | D:7      | Reached skill level 12 in Slings
  6260 | D:7      | Reached skill level 1 in Short Blades
  6260 | D:7      | Reached skill level 1 in Invocations
  6305 | D:7      | Reached skill level 1 in Shields
  6356 | D:7      | Reached ** piety under Okawaru
  6651 | D:8      | Got a crystal trident
  6833 | D:8      | Reached XP level 10. HP: 66/66 MP: 11/11
  6856 | D:8      | Found an opulent altar of Gozag.
  7062 | D:8      | Identified the cursed +0 trident of the Insatiable Lives
                  | {speed, Str+4} (You found it on level 8 of the Dungeon)
  7066 | D:8      | Found an opulent altar of Gozag.
  7250 | D:8      | Noticed Grum
  7270 | D:8      | Killed Grum
  7564 | D:9      | Reached *** piety under Okawaru
  8267 | D:9      | Received a gift from Okawaru
  8428 | D:9      | Found a shadowy altar of Dithmenos.
  8469 | D:9      | Reached skill level 5 in Shields
  8847 | D:9      | Received a gift from Okawaru
  8889 | D:9      | Reached XP level 11. HP: 49/72 MP: 14/14
  8942 | D:9      | Found a staircase to the Lair.
  9132 | D:9      | Got an encrusted scale mail
  9133 | D:9      | Identified the +1 scale mail of a Labyrinth {rC+} (You
                  | found it on level 9 of the Dungeon)
  9373 | D:10     | Entered Level 10 of the Dungeon
  9410 | D:10     | Noticed Joseph
  9429 | D:10     | Killed Joseph
  9554 | D:10     | Reached skill level 5 in Short Blades
  9692 | D:10     | Found Guofic's Armour Shop.
  9787 | D:10     | Reached skill level 5 in Invocations
  9889 | D:10     | Reached **** piety under Okawaru
  9961 | D:10     | Found a staircase to the Orcish Mines.
 10536 | D:10     | Received a gift from Okawaru
 11149 | Lair:1   | Entered Level 1 of the Lair of Beasts
 11567 | Lair:1   | Received a gift from Okawaru
 12196 | Lair:2   | Reached XP level 12. HP: 81/81 MP: 16/16
 12689 | Lair:2   | Reached ***** piety under Okawaru
 13595 | Lair:2   | Reached skill level 10 in Stealth
 13748 | Lair:2   | Found a staircase to the Snake Pit.
 13789 | Lair:2   | Received a gift from Okawaru
 14207 | Lair:2   | Noticed an eight-headed hydra
 14241 | Lair:2   | HP: 2/82 [eight-headed hydra (12)]
 14241 | Lair:2   | Slain by an eight-headed hydra

Levels and vault maps discovered:
D:1:      dpeg_arrival_circle_labyrinth_c, layout_rooms
D:2:      layout_loops_ring, first_ration, minmay_misc_feat_doors
D:3:      layout_basic
D:4:      layout_loops_cross
D:5:      kennysheep_windowed_halls, layout_gridville, uniq_pikel
D:6:      layout_cave_pools, minmay_temple_entry_stoned_glass, uniq_eustachio
D:7:      layout_loops_corners, kennysheep_generic_room_11
D:8:      layout_loops_ring, lemuel_doored_altar, basic_altar, uniq_grum
D:9:      layout_layer_cave, erik_lair_orcish_takeover, grunt_dithmenos_smoke
D:10:     layout_gridville, zombieorc2_lemuel, serial_shops, shop_fountains,
          uniq_joseph
Temple:   roderic_octagonal_lattice_temple
Lair:1:   layout_regular_city
Lair:2:   layout_misc_corridors, palyth_hydra_swamp_entry,
          minmay_snake_entry_six_corridors

Skill      XL: |  1  2  3  4  5  6  7  8  9 10 11 12 |
---------------+-------------------------------------+-----
Slings         | 6 7 9 10 12 | 12.0
Fighting       | 2 3 4 5 6 7 8 |  8.0
Stealth        | 2 3 4 5 6 7 9 10 | 10.1
Dodging        | 3 4 5 6 7 8 9 |  9.0
Short Blades   | 1 4 6 7 |  7.7
Invocations    | 1 4 6 7 |  7.1
Shields        | 2 5 |  5.6

Action                   |  1- 3 |  4- 6 |  7- 9 | 10-12 || total
-------------------------+-------+-------+-------+-------++-------
Melee: Short sword       |    28 |    40 |       |       ||    68
       Whip              |       |       |   115 |   293 ||   408
       Hunting sling     |       |       |     2 |       ||     2
       Rapier            |       |       |       |   236 ||   236
 Fire: Hunting sling     |    58 |   115 |   233 |   685 ||  1091
Throw: Boomerang         |    14 |       |    27 |       ||    41
Invok: Heroism           |       |       |       |    31 ||    31
Evoke: Wand              |       |       |       |     2 ||     2
  Use: Potion            |     2 |       |     1 |     2 ||     5
       Scroll            |       |     3 |    16 |     7 ||    26
 Stab: Sleeping          |       |     1 |       |     1 ||     2
  Eat: Chunk             |       |     7 |     8 |    23 ||    38
       Ration            |       |       |     2 |     1 ||     3
Armor: Leather armour    |    10 |     6 |       |       ||    16
       Ring mail         |       |    11 |    15 |       ||    26
       Scale mail        |       |       |    48 |   154 ||   202
Dodge: Dodged            |    32 |    67 |    90 |   451 ||   640
Block: Buckler           |       |       |     9 |   203 ||   212
